 Dungeon Crawl Stone Soup version 0.20.1-1-g8b1a95d (webtiles) character file.

891 Linguinho the Ruffian (level 7, -6/67 HPs)
             Began as a Troll Monk on Nov 13, 2017.
             Was an Elder of Cheibriados.
             Mangled by Zeege's ghost (18 damage)
             ... on level 5 of the Dungeon.
             The game lasted 00:07:27 (4185 turns).

Linguinho the Ruffian (Troll Monk)                  Turns: 4185, Time: 00:07:28

Health: -6/67      AC:  5    Str: 31    XL:     7   Next: 78%
Magic:  8/8        EV: 12    Int: 15    God:    Cheibriados [****..]
Gold:   280        SH:  0    Dex: 21    Spells: 6/6 levels left

rFire    . . .     SeeInvis .     - Unarmed
rCold    . . .     Gourm    +   (no shield)
rNeg     . . .     Faith    .   a - +0 robe
rPois    .         Spirit   .   (helmet restricted)
rElec    .         Reflect  .   (no cloak)
rCorr    .         Harm     .   (gloves unavailable)
MR       .....                  (boots unavailable)
Stlth    ++........             (no amulet)
Regen    0.7/turn               (no ring)
MPRegen  0.2/turn               (no ring)

@: very slow
A: unfitting armour, claws 3, fast metabolism 3, gourmand, regeneration 1,
shaggy fur 1, tough skin 2
a: Bend Time, Temporal Distortion, Slouch, Renounce Religion


You were on level 5 of the Dungeon.
You worshipped Cheibriados.
Cheibriados was greatly pleased with you.
You were hungry.

You visited 1 branch of the dungeon, and saw 6 of its levels.

You collected 280 gold pieces.

Inventory:

Armour
 a - a +0 robe (worn)
Jewellery
 i - a +4 ring of protection {unknown}
 m - an uncursed ring of protection from fire {unknown}
 p - an uncursed ring of positive energy {unknown}
 y - a +2 ring of protection {unknown}
 z - a +3 ring of dexterity {unknown}
 H - a cursed ring of teleportation {unknown}
Scrolls
 c - 4 scrolls of recharging {unknown}
 h - 4 scrolls of amnesia {unknown}
 j - 5 scrolls of remove curse {unknown}
 k - 2 scrolls of teleportation {unknown}
 n - 3 scrolls of blinking {unknown}
 q - 2 scrolls of enchant weapon {unknown}
 r - 3 scrolls of identify {unknown}
 u - a scroll of fog {unknown}
 w - 2 scrolls of noise {unknown}
 B - a scroll of random uselessness {unknown}
 E - a scroll of enchant armour {unknown}
 F - 2 scrolls of vulnerability {unknown}
 I - a scroll of magic mapping {unknown}
Potions
 d - 4 potions of curing
 e - a potion of ambrosia {unknown}
 f - 2 potions of might {unknown}
 g - a potion of heal wounds {unknown}
 l - a potion of haste {unknown}
 s - a potion of flight {unknown}
 t - 2 potions of lignification {unknown}
 x - 2 potions of magic {unknown}
 A - a potion of invisibility {unknown}
 C - a potion of brilliance {unknown}
 D - a potion of mutation {unknown}
Comestibles
 b - 5 bread rations
 o - a royal jelly
 v - 3 meat rations
 G - 4 fruits


   Skills:
 + Level 3.2 Fighting
 + Level 3.9 Dodging
 - Level 1.5 Stealth
 + Level 7.2 Unarmed Combat
 * Level 2.7 Invocations


You had 6 spell levels left.
You didn't know any spells.

Dungeon Overview and Level Annotations

Branches:
Dungeon (6/15)
 Temple: D:4-7

Altars:
Ashenzari
Cheibriados
Fedhas
Qazlal
Sif Muna
Uskayaw
Xom

Annotations:
D:5 Zeege's ghost, amateur TrMo


Innate Abilities, Weirdness & Mutations

You are too large for most types of armour.
You have claws for hands.
Your metabolism is lightning-fast.
You like to eat raw meat.
Your natural rate of healing is unusually fast.
You are covered in fur. (AC +1)
You have very tough skin. (AC +2)


Message History

This raw flesh tastes great.
Done exploring.
Done exploring.
No target in view!
There is a stone staircase leading down here.
There is an open door here.
There is an escape hatch in the floor here.
You are feeling hungry.
Zeege's ghost hits you! Zeege's ghost hits you! Zeege's ghost hits you!
Zeege's ghost hits you.
* * * LOW HITPOINT WARNING * * *
Zeege's ghost hits you.
* * * LOW HITPOINT WARNING * * *
Zeege's ghost hits you.
* * * LOW HITPOINT WARNING * * *
Zeege's ghost misses you. Zeege's ghost hits you!!
You die...

#.# #.###################### #.#
#.......................
######.###.######################
.........#.# #..........
'#####.#.#.# ########.#########
..##...#.#.# #.....##.#
..##.###[#.#####.....##.#########
......>........'.................
'#.#.#.#.#.#####@W...##.#########
.#.#.#.#.#.# ###.....##.#########
##.#.#.#.#.# #...................
#.#.....#.# #...................
#.###.#.#.# #..[................
#.# #.#.#.# #...................
#.###.#.#<# #...................
##(........# #...................
.(####.#######...................


You could see Zeege's ghost.

Vanquished Creatures
  2 centaurs (D:5)
  An ogre (D:4)
  A scorpion (D:5)
  A howler monkey (D:5)
  4 crimson imps
  2 bullfrog skeletons
  An iguana (D:4)
  Jessica (D:6)
  An orc wizard (D:4)
  3 worker ants
  3 gnolls (D:4)
  7 adders
  A shadow imp (D:5)
  An ooze (D:3)
  6 worms
  2 dart slugs
  3 leopard geckos
  4 orcs
  6 giant cockroaches
  10 goblins
  7 hobgoblins
  3 jackals (D:4)
  12 kobolds
  A quokka (D:4)
  3 ball pythons
  7 bats
  6 frilled lizards
  A leopard gecko skeleton (D:5)
  A quokka zombie (D:6)
  7 rats
108 creatures vanquished.

Notes
Turn   | Place    | Note
-------+----------+-------------------------------------------
     0 | D:1      | Linguinho the Troll Monk began the quest for the Orb.
     0 | D:1      | Reached XP level 1. HP: 22/22 MP: 0/0
   375 | D:1      | Reached XP level 2. HP: 29/29 MP: 1/1
   762 | D:2      | Reached XP level 3. HP: 30/36 MP: 2/2
   837 | D:2      | Found a shimmering altar of Xom.
   840 | D:2      | Found a shimmering altar of Xom.
   847 | D:2      | Found a shimmering altar of Xom.
   849 | D:2      | Found a shimmering altar of Xom.
   849 | D:2      | Found a shimmering altar of Xom.
   849 | D:2      | Found a shimmering altar of Xom.
   850 | D:2      | Found a shimmering altar of Xom.
  1242 | D:2      | Found a snail-covered altar of Cheibriados.
  1437 | D:2      | Became a worshipper of Cheibriados the Contemplative
  1437 | D:2      | Reached * piety under Cheibriados
  1437 | D:2      | Reached ** piety under Cheibriados
  1614 | D:3      | Reached XP level 4. HP: 25/44 MP: 3/3
  1636 | D:3      | Reached skill level 4 in Unarmed Combat
  2106 | D:4      | Reached *** piety under Cheibriados
  2277 | D:4      | Reached XP level 5. HP: 52/52 MP: 4/4
  2636 | D:4      | Noticed an ogre
  2639 | D:4      | Killed an ogre
  2639 | D:4      | Reached skill level 5 in Unarmed Combat
  2639 | D:4      | Reached skill level 1 in Invocations
  2639 | D:4      | Reached XP level 6. HP: 43/61 MP: 5/5
  2696 | D:4      | You fall through a shaft for 2 floors!
  2696 | D:6      | Found a deep blue altar of Sif Muna.
  2696 | D:6      | Noticed Jessica
  2723 | D:6      | Killed Jessica
  2823 | D:5      | Entered Level 5 of the Dungeon
  2854 | D:5      | Reached skill level 6 in Unarmed Combat
  3008 | D:5      | Reached XP level 7. HP: 58/67 MP: 7/7
  3096 | D:5      | Noticed Zeege's ghost (amateur TrMo)
  3361 | D:4      | Reached **** piety under Cheibriados
  3493 | D:5      | Found a stormy altar of Qazlal.
  3493 | D:5      | Found a hide-covered altar of Uskayaw.
  3498 | D:5      | Found a faded altar of an unknown god.
  3500 | D:5      | Found a shattered altar of Ashenzari.
  3502 | D:5      | Found a blossoming altar of Fedhas.
  3580 | D:5      | Reached skill level 7 in Unarmed Combat
  4185 | D:5      | Mangled by Zeege's ghost

Skill      XL: |  1  2  3  4  5  6  7 |
---------------+----------------------+-----
Dodging        | 3 |  3.9
Unarmed Combat | 4 5 6 7 |  7.2
Fighting       | 3 |  3.2
Invocations    | 1 2 |  2.7
Stealth        | |  1.5

Action                   |  1- 3 |  4- 6 |  7- 9 || total
-------------------------+-------+-------+-------++-------
Melee: Unarmed           |   107 |    98 |    43 ||   248
       Punch             |     2 |     6 |     3 ||    11
  Use: Potion            |       |       |     1 ||     1
 Stab: Sleeping          |     4 |     5 |     2 ||    11
  Eat: Chunk             |    12 |    10 |     5 ||    27
Armor: Robe              |    47 |    14 |     7 ||    68
Dodge: Dodged            |    56 |    52 |    25 ||   133
